 Dungeon Crawl Stone Soup version 0.27-a0-242-ge0fc76b88b (webtiles) character file.

Game seed: 10140197849214070333

71 dickylongcocking the Insei (level 4, -3/43 HPs)
             Began as an Octopode Gladiator on Feb 2, 2021.
             Slain by a gnoll
             ... wielding a +1 spear of chaos
              (5 damage)
             ... on level 2 of the Dungeon on Feb 3, 2021.
             The game lasted 00:01:13 (1727 turns).

dickylongcocking the Insei (Octopode Gladiator)     Turns: 1727, Time: 00:01:14

Health: -3/43      AC: 22    Str: 13    XL:     4   Next: 24%
Magic:  4/4        EV:  2    Int: 10    God:
Gold:   90         SH:  0    Dex: 16    Spells: 3/3 levels left

rFire    . . .     SeeInvis .     - Unarmed
rCold    . . .     Faith    .   (no shield)
rNeg     + + +     Spirit   .   (helmet currently unavailable)
rPois    +         Reflect  .   (no amulet)
rElec    .         Harm     .   (no ring)
rCorr    .         Rampage  .   (no ring)
Will     .....     NoTele   +   (no ring)
Stlth    +++.......             (no ring)
HPRegen  0.14/turn              (no ring)
MPRegen  0.09/turn              (no ring)
                                (no ring)
                                (no ring)

@: lethally poisoned (-3 -> -11), tree-form, attractive, very slow
A: almost no armour, stealthy swim, (amphibious), 8 rings, (constrict 8), agile
1, wild magic 1
a: no special abilities


You were on level 2 of the Dungeon.
You were a tree.
You visited 1 branch of the dungeon, and saw 2 of its levels.

You collected 90 gold pieces.

Inventory:

Missiles
 b - 3 throwing nets (quivered)
Armour
 a - a +0 hat (melded)
Jewellery
 j - an uncursed amulet of magic regeneration {unknown}
Scrolls
 c - 2 scrolls of remove curse {unknown}
 d - 2 scrolls of identify {unknown}
 g - a scroll of enchant armour {unknown}
 i - a scroll of fear {unknown}
Potions
 h - a potion of mutation


   Skills:
 - Level 2.0 Fighting
 - Level 2.0 Throwing
 - Level 3.0 Dodging
 + Level 2.9 Stealth
 * Level 4.4 Unarmed Combat


You had 3 spell levels left.
You didn't know any spells.
Your spell library was empty.

Dungeon Overview and Level Annotations

Branches:
Dungeon (2/15)

Altars:
Xom


Innate Abilities, Weirdness & Mutations

You cannot wear most types of armour.
You are very stealthy in the water. (Stealth+)
((You are amphibious.))
You can wear up to eight rings at the same time.
((You can use your tentacles to constrict eight enemies at once.))
((Your skin changes colour to match your surroundings (Stealth+).))
((Your rubbery body absorbs attacks. (AC +1, EV +1)))
You are agile. (Dex +2)
Your spells are a little harder to cast, but a little more powerful.


Message History

You aren't carrying any items that you can evoke.
Unknown command.
It was a potion of attraction.
You feel attractive to monsters.
* * * LOW HITPOINT WARNING * * *
You feel sick. The gnoll hits you but does no damage.
The frilled lizard bites you but does no damage.
The orc hits you but does no damage.
You hit the frilled lizard.
You kill the frilled lizard!
* * * LOW HITPOINT WARNING * * *
You feel sick. The gnoll hits you but does no damage.
The orc splashes around in the water.
The orc is pulled toward you!
Unknown command.
Unknown command.
You smack the orc!
You kill the orc!
You hear a splash.
The gnoll hits you from afar with a +1 spear of chaos.
You die...

##......†.##
##..######..##
##..####.###..##
#..##.≈≈.#.##..#
#.##.#..≈#.###.#
#.#.#≈###.#⌠##.#
#.##.≈⌠.≈.#≈.#.#
#.#.#≈###.≈..#.###
#.#≈≈)♣).# #...#
#.#.##)#.....#.<.####
#...#g≈g.#.###......###
###≈#.#.⌠#.≈##...##....
#.##⌠≈≈..≈_#.........
#.≈#...≈⌠..#.#.######
###....#.⌠≈#.#.####..
≈≈..≈.⌠##.....##.#
≈.≈≈. ###.#.##.#


You could see a gnoll and a hobgoblin.

Vanquished Creatures
  A gnoll (D:2)
  2 adders (D:2)
  A dart slug (D:2)
  A leopard gecko (D:1)
  3 orcs (D:2)
  7 bats
  2 giant cockroaches
  3 goblins
  2 hobgoblins (D:2)
  3 jackals (D:1)
  A quokka (D:2)
  2 frilled lizards (D:2)
  4 kobolds (D:1)
  6 rats
38 creatures vanquished.

Notes
Turn   | Place    | Note
-------+----------+-------------------------------------------
     0 | D:1      | dickylongcocking the Octopode Gladiator began the quest for
                  | the Orb.
     0 | D:1      | Reached XP level 1. HP: 14/14 MP: 1/1
   283 | D:1      | Reached skill level 1 in Stealth
   456 | D:1      | Reached XP level 2. HP: 19/19 MP: 2/2
  1015 | D:1      | Reached XP level 3. HP: 24/24 MP: 3/3
  1344 | D:2      | Reached skill level 4 in Unarmed Combat
  1715 | D:2      | Found a shimmering altar of Xom.
  1720 | D:2      | Reached XP level 4. HP: 15/29 MP: 4/4
  1720 | D:2      | Gained mutation: You are agile. (Dex +2) [potion of
                  | mutation]
  1720 | D:2      | Gained mutation: Your spells are a little harder to cast,
                  | but a little more powerful. [potion of mutation]
  1725 | D:2      | HP: 2/43 [poisoned by an orc]
  1727 | D:2      | Slain by a gnoll

Illustrated notes

Levels and vault maps discovered:
D:1:      ebering_hopf_link, layout_basic
D:2:      layout_loops_ring, tgw_xom, nicolae_tso_carved_into_rock,
          minmay_between, uniq_robin

Skill      XL: |  1  2  3 |
---------------+----------+-----
Stealth        | 1 2 |  2.9
Unarmed Combat | 4 |  4.4
Fighting       | |  2.0
Throwing       | |  2.0
Dodging        | |  3.0

Action                   |  1- 3 |  4- 6 || total
-------------------------+-------+-------++-------
Melee: Unarmed           |    67 |     5 ||    72
       Constrict         |    20 |       ||    20
       Tentacles         |    12 |       ||    12
       Punch             |     1 |       ||     1
  Use: Potion            |       |     3 ||     3
 Stab: Sleeping          |    11 |       ||    11
Armor: Skin              |     4 |    14 ||    18
Dodge: Dodged            |    38 |     4 ||    42

Table legend: (Time is in decaauts)
 A = Elapsed time spent in this place.
 B = Non-inter-level travel time spent in this place.
 C = Inter-level travel time spent in this place.
 D = Time resting spent in this place.
 E = Time spent auto-exploring this place.
 F = Levels seen in this place.
 G = Mean time per level.
                   A        B        C        D        E       F      G
               +--------+--------+--------+--------+--------+-----+--------+
         Total |   1722 |   1700 |     22 |      0 |   1494 |   2 |  861.0 |
       Dungeon |   1722 |   1700 |     22 |      0 |   1494 |   2 |  861.0 |
               +--------+--------+--------+--------+--------+-----+--------+

Top non-repeatable levels by time:
     D:1: 1162 daAuts
     D:2: 559 daAuts
